 Dungeon Crawl Stone Soup version 0.29.1-15-g9cfb28693d (webtiles) character file.

Game seed: 8281890556652227700

572 sentinel the Digger (level 7, -1/50 HPs)
             Began as a Meteoran Earth Elementalist on Aug 2, 2023.
             Slain by an adder (2 damage)
             ... on level 5 of the Dungeon.
             The game lasted 00:05:58 (600 turns).

sentinel the Digger (Meteoran Earth Elementalist)    Turns: 600, Time: 00:05:58

Health: -1/50      AC:  3    Str:  9    XL:     7   Next: 92%
Magic:  0/15       EV: 12    Int: 19    God:
Gold:   0          SH:  5    Dex: 15    Spells: 5/16 levels left

rFire   . . .      SeeInvis .   j - +0 dagger (venom)
rCold   . . .      Faith    .   e - +0 buckler
rNeg    . . .      Spirit   .   a - +0 robe
rPois   .          Reflect  .   (no helmet)
rElec   .          Harm     .   (no cloak)
rCorr   .          Rampage  .   d - +0 pair of gloves
Will    .....                   (no boots)
Stlth   +.........              (no amulet)
HPRegen 0.16/turn               (no ring)
MPRegen 0.14/turn               (no ring)

@: glowing
A: sense surroundings 1, otherworldly, glowing, explore regen
a: no special abilities


You were on level 5 of the Dungeon.
You visited 1 branch of the dungeon, and saw 5 of its levels.

Inventory:

Hand Weapons
 j - a +0 dagger of venom (weapon)
Missiles
 f - 3 javelins
Armour
 a - a +0 robe (worn)
 d - a +0 pair of gloves (worn)
 e - a +0 buckler (worn)
Jewellery
 i - a ring of willpower
Scrolls
 m - a scroll of identify {unknown}
 n - a scroll of teleportation {unknown}
Potions
 b - a potion of magic
 c - a potion of degeneration {unknown}
 g - 3 potions of mutation {unknown}
 h - a potion of heal wounds {unknown}
 k - a potion of haste {unknown}
 l - a potion of resistance {unknown}


   Skills:
 - Level 2.4 Dodging
 - Level 1.4 Stealth
 - Level 3.0 Shields
 - Level 5.0 Spellcasting
 - Level 3.0 Conjurations
 - Level 1.3 Transmutations
 * Level 4.9 Ice Magic
 - Level 5.0 Earth Magic


You had 5 spell levels left.
You knew the following spells:

 Your Spells              Type           Power      Damage    Failure   Level
a - Sandblast             Erth           46%        2d11      1%          1
b - Frozen Ramparts       Ice            46%        1d7       6%          3
d - Blink                 Tloc           8%         N/A       24%         2
h - Stone Arrow           Conj/Erth      38%        3d9       10%         3
j - Passwall              Tmut/Erth      13%        N/A       7%          2

Your spell library contained the following spells:

 Spells                   Type           Power      Damage    Failure   Level
 Freeze                   Ice            92%        1d10      2%          1
 Hailstorm                Conj/Ice       19%        3d6       32%         4
 Petrify                  Tmut/Erth      16%        N/A       41%         4
 Lesser Beckoning         Tloc           4%         N/A       43%         3
 Manifold Assault         Tloc           4%         N/A       99%         5


Dungeon Overview and Level Annotations

Branches:
Dungeon (5/15) Zot: 2349
 Temple: D:4-7

Altars:
Trog
Vehumet
Zin

Shops:
D:2 [   D:5 ?


Innate Abilities, Weirdness & Mutations

You passively map a small area around you.
You are easily found by Zot.
You glow in the dark.
You regain HP and MP as you explore.


Message History

The orc is severely wounded.
You block the orc's attack. The orc barely misses you.
HP warning!
Casting: Sandblast (safe; 2% risk of failure)
Confirm with . or Enter, or press ? or * to list all spells.
You don't have enough magic to cast this spell.
Unknown command.
Press: ? - help, v - describe, . - travel, g - get item
Here: an orc, wielding a +0 dagger and wearing a +0 chain mail (severely wounded)
Items here: a +0 whip; a +0 leather armour.
The floor.
You aren't carrying any items that you can evoke.
Unknown command.
Unknown command.
You barely miss the orc.
The orc is severely wounded.
The orc barely misses you.
HP warning!
You hit the orc but do no damage.
The orc is poisoned.
The orc is severely wounded.
You kill the orc!
HP warning!
Items here: )) [[.
HP warning!
Things that are here:
a +0 dagger; a +0 robe HP warning!
HP warning!
n - a scroll labelled HUAGOH NIUSYKH An ogre comes into view.
It is wielding a +0 giant spiked club.
The ogre shouts!
You hear a loud, deep croak!
An adder comes into view.
The adder hisses angrily.
You hear an angry hiss.
You hear a shout!
Casting: Sandblast (safe; 2% risk of failure)
Confirm with . or Enter, or press ? or * to list all spells.
Casting: Frozen Ramparts (dangerous; 16% risk of failure)
Press: ? - help, Dir - look around, f - activate The walls around you are covered in ice.
The wall freezes the adder.
The adder bites you.
You are poisoned.
The adder poisons you!
The wall freezes the ogre.
You feel sick.
The wall freezes the adder but does no damage.
You block the adder's attack.
The wall freezes the ogre.
You feel sick.
The wall freezes the adder.
The adder seems to slow down.
The adder bites you but does no damage.
The wall freezes the ogre.
You feel sick.
The wall freezes the adder.
You kill the adder!
The wall freezes the ogre.
Casting: Frozen Ramparts (dangerous; 16% risk of failure)
Confirm with . or Enter, or press ? or * to list all spells.
Aiming: Stone Arrow (dangerous; 10% risk of failure)
Press: ? - help, Shift-Dir - straight line, f - ogre
Aim: an ogre, wielding a +0 giant spiked club (heavily wounded, 85% to hit)
The stone arrow hits the ogre!
The ogre is almost dead.
You feel sick.
You are no longer poisoned.
The wall freezes the ogre.
You kill the ogre!
Your Ice Magic skill increases to level 3!
You have reached level 7!
The frozen ramparts melt away as you move.
An iguana comes into view.
An orc wizard comes into view. It is wielding a +0 dagger.
Casting: Stone Arrow (dangerous; 10% risk of failure)
Confirm with . or Enter, or press ? or * to list all spells.
Casting: Frozen Ramparts (dangerous; 12% risk of failure)
Press: ? - help, Dir - look around, f - activate You miscast Frozen Ramparts.
You are very lightly contaminated with residual magic.
Nothing appears to happen.
Prince Ribbit comes into view.
Prince Ribbit croaks.
Things that are here:
a +0 giant spiked club; an adder corpse
Okay, then.
Prince Ribbit barely misses you. Prince Ribbit hits you.
Casting: Frozen Ramparts (dangerous; 12% risk of failure)
Confirm with . or Enter, or press ? or * to list all spells.
Casting: Frozen Ramparts (dangerous; 12% risk of failure)
Press: ? - help, Dir - look around, f - activate The walls around you are covered in ice.
The wall freezes Prince Ribbit.
Prince Ribbit seems to slow down.
You block Prince Ribbit's attack.
You hit Prince Ribbit.
Prince Ribbit is poisoned.
Prince Ribbit is lightly wounded.
Prince Ribbit is no longer moving slowly.
The wall freezes Prince Ribbit.
Prince Ribbit seems to slow down.
You block Prince Ribbit's attack.
The wall freezes the orc wizard.
You hit Prince Ribbit.
Prince Ribbit is moderately wounded.
The wall freezes Prince Ribbit.
Prince Ribbit hits you.
Your magical contamination has completely faded away.
You miss Prince Ribbit.
Prince Ribbit is moderately wounded.
An adder comes into view.
The wall freezes the orc wizard.
The wall freezes Prince Ribbit.
Prince Ribbit seems to slow down.
Prince Ribbit hits you!
You barely miss Prince Ribbit.
Prince Ribbit is heavily wounded.
The wall freezes the iguana but does no damage.
The wall freezes Prince Ribbit.
Prince Ribbit seems to slow down.
Prince Ribbit hits you but does no damage.
The wall freezes the adder.
The adder seems to slow down.
You barely miss Prince Ribbit.
Prince Ribbit is heavily wounded.
The wall freezes the iguana.
The wall freezes Prince Ribbit.
Prince Ribbit seems to slow down.
Prince Ribbit catches a blue-tailed skink with his tongue.
You block Prince Ribbit's attack.
The wall freezes the adder.
The adder seems to slow down.
You miss Prince Ribbit.
Prince Ribbit is heavily wounded.
The wall freezes the iguana.
The wall freezes Prince Ribbit.
Prince Ribbit hits you.
HP warning!
Casting: Frozen Ramparts (dangerous; 12% risk of failure)
Confirm with . or Enter, or press ? or * to list all spells.
Aiming: Sandblast (safe; 2% risk of failure)
Press: ? - help, Shift-Dir - straight line, f - Prince Ribbit
Aim: Prince Ribbit (severely wounded, poisoned, slow, 70% to hit)
The blast of sand hits Prince Ribbit!
Prince Ribbit is almost dead.
The wall freezes the iguana.
The iguana seems to slow down.
The wall freezes the adder.
The adder bites you.
The wall freezes Prince Ribbit.
You kill Prince Ribbit!
Prince Ribbit returns to his original shape as he dies.
The wall freezes the iguana.
The wall freezes the adder.
The adder bites you.
* * * LOW HITPOINT WARNING * * *
Training target 3.0 for Shields reached!
Training target 5.0 for Spellcasting reached!
Your Shields skill increases to level 3!
Your Spellcasting skill increases to level 5!
Your Ice Magic skill increases to level 4!
HP warning!
You hit the orc wizard.
The orc wizard is poisoned.
The orc wizard is heavily wounded.
The frozen ramparts melt away.
The orc wizard casts a spell at you. The magic dart hits you.
* * * LOW HITPOINT WARNING * * *
HP warning!
You hit the orc wizard but do no damage.
The orc wizard looks as sick as possible!
The orc wizard is heavily wounded.
The adder bites you.
You die...

.... * ##### #... ,
...##...#* ,*
###.....#.# ,, * *,
* .....o...#
#...#*#.. * ##.##
#.#, , , , *
####..o###.# ,
#.......).#@###.###
,
#.###...#.o.S......
*, ##.##.#####..##
. * * #.##.#
#.###.# , * , *
#.##.# ....... , ,
..##.####.....#. *
#######....O.......
* *
#..))............##
,#.##########.....#


You could see an orc wizard (extremely poisoned) and an adder (slow).

Vanquished Creatures
  Prince Ribbit (D:5)
  A black bear (D:4)
  An ogre (D:5)
  An orc priest (D:5)
  A hound (D:5)
  An orc wizard (D:5)
  3 gnolls (D:2)
  5 adders
  A dart slug (D:3)
  2 orcs
  3 ball pythons
  An endoplasm (D:1)
  A giant cockroach (D:1)
  3 goblins
  2 hobgoblins
  6 jackals
  A quokka (D:3)
  A bat (D:1)
  A frilled lizard (D:1)
  2 rats
38 creatures vanquished.

Vanquished Creatures (others)
  A plant (D:2)
1 creature vanquished.

Grand Total: 39 creatures vanquished

Notes
Turn   | Place    | Note
-------+----------+-------------------------------------------
     0 | D:1      | sentinel the Meteoran Earth Elementalist began the quest
                  | for the Orb.
     0 | D:1      | Reached XP level 1. HP: 14/14 MP: 5/5
    60 | D:1      | Reached XP level 2. HP: 17/20 MP: 3/6
    67 | D:1      | Learned a level 2 spell: Passwall
   115 | D:2      | Reached skill level 5 in Earth Magic
   115 | D:2      | Reached XP level 3. HP: 20/26 MP: 2/8
   122 | D:2      | Learned a level 3 spell: Stone Arrow
   138 | D:2      | Reached skill level 1 in Conjurations
   138 | D:2      | Reached XP level 4. HP: 30/33 MP: 1/9
   159 | D:2      | Found Vanole's Armour Boutique.
   234 | D:2      | Learned a level 2 spell: Blink
   432 | D:4      | Reached XP level 5. HP: 38/38 MP: 8/11
   445 | D:5      | Entered Level 5 of the Dungeon
   458 | D:4      | Noticed a black bear
   461 | D:4      | Killed a black bear
   462 | D:4      | Reached skill level 1 in Shields
   462 | D:4      | Reached XP level 6. HP: 45/45 MP: 8/13
   470 | D:4      | Learned a level 3 spell: Frozen Ramparts
   485 | D:5      | Found Ryecwan's Magic Scroll Boutique.
   501 | D:4      | Found a radiant altar of Vehumet.
   501 | D:4      | Found a bloodstained altar of Trog.
   504 | D:4      | Found a glowing silver altar of Zin.
   554 | D:5      | HP: 2/45 [orc/+0 dagger (1)]
   566 | D:5      | Noticed an ogre
   583 | D:5      | Killed an ogre
   584 | D:5      | Reached XP level 7. HP: 29/50 MP: 5/14
   587 | D:5      | Noticed Prince Ribbit
   598 | D:5      | Killed Prince Ribbit
   599 | D:5      | Reached skill level 5 in Spellcasting
   599 | D:5      | HP: 1/50 [orc wizard/magic dart (4)]
   600 | D:5      | Slain by an adder

Illustrated notes

Levels and vault maps discovered:
D:1:      lightli_arrival_statue_moat, layout_loops_ring, minmay_misc_feat_room,
          minmay_tripent
D:2:      layout_basic, basic_altar, hellmonk_ecumenical_altar_run_dry,
          serial_shops, nicolae_diamond_shop, serial_bayou_lake_a
D:3:      layout_basic, nicolae_hepliaklqana_hippocampus
D:4:      layout_loops_ring, nicolae_overflow_hidden_temple, enter_ossuary_1,
          minmay_crystal_water
D:5:      lemuel_castle_with_subvaults [lemuel_castle_interior_carwin_2],
          layout_loops_ring, serial_shops, nicolae_shop_behind_doors,
          st_stairs_3, uniq_ijyb, uniq_prince_ribbit1

Skill      XL: |  1  2  3  4  5  6  7 |
---------------+----------------------+-----
Earth Magic    | 4 5 |  5.0
Spellcasting   | 3 4 5 |  5.0
Conjurations   | 1 2 3 |  3.0
Shields        | 1 2 3 |  3.0
Ice Magic      | 2 3 4 |  4.9
Dodging        | |  2.4
Stealth        | |  1.4
Transmutations | |  1.3

Action                   |  1- 3 |  4- 6 |  7- 9 || total
-------------------------+-------+-------+-------++-------
Melee: Unarmed           |       |     2 |       ||     2
       Dagger            |       |     3 |     8 ||    11
 Cast: Sandblast         |    17 |    47 |     1 ||    65
       Passwall          |     1 |    10 |       ||    11
       Frozen Ramparts   |       |     2 |     1 ||     3
       Stone Arrow       |       |     2 |       ||     2
  Use: Scroll            |       |     1 |       ||     1
Armor: Robe              |     2 |    15 |     1 ||    18
Dodge: Dodged            |     7 |    17 |     1 ||    25
Block: Buckler           |       |     8 |     3 ||    11
